Map: Abandoned Parish

Players

PedroJimenez

  • Race: Terran Terran
  • Spawn Location: 3:00

Melkior

  • Race: Terran Terran
  • Spawn Location: 12:00

dragonrojo

  • Race: Terran Terran
  • Spawn Location: 9:00

dube

  • Race: Protoss Protoss
  • League: Bronze
  • Spawn Location: 12:00

railnation - Winner!

  • Race: Protoss Protoss
  • Spawn Location: 7:00

ACSlater - Winner!

  • Race: Terran Terran
  • Spawn Location: 6:00

Aldenraul - Winner!

  • Race: Zerg Zerg
  • Spawn Location: 6:00

juhyg - Winner!

  • Race: Zerg Zerg
  • League: Bronze
  • Spawn Location: 3:00

VOD

Have the link to the VOD?

Description

Time

  • Played on: Feb. 7, 2016, 6:59 p.m.
  • Length: 32:28
Show
View Real Time Build Order
Export as new Build Order

PedroJimenez Terran 

Build Orders:  

Get SALT Encoding   

  12  0:02  SCV  
  13  1:40  SCV  
  13  1:44  Refinery  
  13  1:46  Refinery  
  14  2:00  Supply Depot  
  14  2:15  SCV  
  14  2:22  Supply Depot  
  15  2:27  SCV  
  16  2:31  Barracks  
  16  2:40  SCV  
  16  2:42  Command Center  
  17  2:52  SCV  
  18  2:59  Engineering Bay  
  18  3:04  SCV  
  19  3:06  Barracks  
  19  3:16  SCV  
  20  3:22  Barracks Reactor  
  20  3:28  SCV  
  21  3:37  Terran Infantry Weapons Level 1  
  21  3:40  SCV  
  22  3:43  Engineering Bay  
  22  3:52  SCV  
  23  4:02  Barracks Tech Lab  
  23  4:04  SCV  
  23  4:08  Factory  
  24  4:13  Bunker  
  24  4:16  SCV  
  25  4:24  SCV  
  25  4:27  Neosteel Frame  
  25  4:28  SCV  
  27  4:37  SCV  
  28  4:41  SCV  
  29  4:48  Marine  
  29  4:49  Marine, SCV  
  32  4:53  SCV  
  33  5:02  Factory Tech Lab  
  33  5:06  Marine  
  33  5:07  Marine  
  34  5:08  Combat Shields  
  37  5:14  Marauder  
  37  5:31  Missile Turret, Terran Infantry Armor Level 1  
  37  5:32  SCV  
  40  5:35  Marauder  
  40  5:36  Refinery  
  40  5:39  Refinery  
  40  5:43  Orbital Command  
  40  5:44  SCV  
  40  5:48  Siege Tank  
  44  5:53  Hi-Sec Auto Tracking  
  44  5:56  SCV  
  45  6:06  Marine  
  46  6:15  Supply Depot  
  46  6:36  Marine  
  46  6:37  SCV, Siege Tank  
  46  6:38  Armory  
  51  6:49  SCV  
  51  6:52  Missile Turret  
  52  7:07  Marine  
  52  7:08  Marine  
  54  7:26  Starport  
  54  7:27  Terran Infantry Weapons Level 2  
  54  7:28  Terran Infantry Armor Level 2  
  54  7:31  Terran Ship Weapons Level 1  
  54  7:49  Supply Depot  
  54  7:51  Supply Depot  
  54  7:52  Supply Depot  
  54  7:53  Supply Depot  
  54  8:10  Marine x2  
  54  8:11  Siege Tank, SCV  
  54  8:12  Starport Reactor  
  60  8:20  Reaper  
  60  8:23  SCV  
  62  8:29  Reaper x2  
  64  8:43  Hellion  
  66  8:52  Reaper  
  67  9:01  Reaper x2  
  69  9:04  Hellion  
  69  9:24  Reaper  
  69  9:25  Terran Vehicle Weapons Level 1  
  69  9:26  Hellion  
  66  9:33  Reaper x2  
  50  9:47  Hellion  
  52  9:55  Terran Infantry Weapons Level 3  
  52  9:56  Terran Infantry Armor Level 3  
  53  10:03  Marauder  
  53  10:05  Marine x2  
  56  10:09  SCV  
  57  10:21  SCV  
  58  10:22  Marine x2  
  58  10:23  Medivac  
  58  10:24  Medivac  
  58  10:25  Marauder  
  66  10:33  SCV  
  67  10:36  Ghost Academy  
  67  10:38  Ghost Academy  
  67  10:40  Marine x2  
  69  10:42  Ghost Academy  
  69  10:45  SCV  
  69  10:46  Marauder  
  72  10:53  Viking  
  72  10:54  Viking  
  76  10:57  SCV  
  77  11:09  Ghost  
  79  11:12  Personal Cloaking  
  79  11:14  Nuke  
  79  11:20  Terran Vehicle And Ship Armor Level 1, Nuke  
  79  11:23  Viking  
  79  11:24  Viking  
  83  11:28  Marine  
  83  11:29  Marine  
  85  11:36  Factory  
  85  11:46  Marine  
  86  11:53  Supply Depot  
  86  12:01  Supply Depot  
  86  12:14  Viking x2, Marine x2, Ghost  
  94  12:19  Supply Depot  
  94  12:23  Supply Depot  
  94  12:32  Marine x2  
  96  12:38  Nuke  
  96  12:43  Ghost  
  98  12:49  Supply Depot  
  98  12:50  Supply Depot, Marine x2  
  100  12:52  Supply Depot  
  100  12:54  Supply Depot  
  100  13:08  Marine x2  
  98  13:13  Terran Ship Weapons Level 2  
  53  14:41  Marine  
  53  14:42  Marine  
  55  14:46  Ghost  
  55  14:49  Nuke x2  
  55  14:52  Viking x2  
  59  14:57  Hellbat  
  59  14:59  Marine x2  
  64  15:02  Factory Reactor  
  65  15:15  Ghost  
  65  15:17  Marine x2  
  65  15:18  Orbital Command, Hellbat  
  71  15:22  Viking x2  
  75  15:29  Terran Vehicle Weapons Level 2  
  75  15:35  Marine x2  
  77  15:39  Hellbat  
  79  15:43  Ghost  
  81  15:52  Viking x2  
  81  15:53  Marine x2  
  87  16:01  Hellbat  
  89  16:10  Marine  
  89  16:11  Marine  
  91  16:12  Ghost  
  93  16:22  Viking x2, Hellbat  
  99  16:40  Ghost  
  101  18:34  Marine x2  
  102  18:37  Hellbat x2  
  102  18:41  Marine  
  108  18:44  Hellbat  
  108  18:46  Viking x2  
  114  18:51  Marine x2  
  116  18:58  Marine, Hellbat x2  
  121  19:06  Hellbat  
  121  19:09  Marine x2  
  125  19:16  Viking x2, Marine  
  116  19:20  Hellbat x2  
  111  19:27  Marine x2, Hellbat  
  113  19:34  Marine  
  114  19:41  Hellbat x2  
  110  19:46  Viking x2  
  110  19:48  Hellbat  
  110  19:52  Marine  
  68  20:10  Hellbat  
  70  20:16  Viking x2  
  41  22:29  Marine  
  42  22:32  Hellbat  
  42  22:34  Medivac  
  42  22:35  Medivac  
  48  22:38  Marine  
  48  22:39  Marine  
  48  22:42  Hellbat x2  
  54  22:46  Marine  
  55  22:53  Hellbat  
  55  22:56  Marine x2  
  59  23:03  Hellbat x2  
  59  23:04  Medivac, Marine  
  59  23:05  Viking  
  68  23:14  Marine x2  
  68  23:15  Hellbat  
  72  23:22  Marine  
  72  23:25  Hellbat x2  
  77  23:32  Marine x2  
  79  23:34  Viking  
  79  23:35  Viking  
  79  23:36  Hellbat  
  79  23:40  Marine  
  86  23:46  Hellbat x2  
  90  23:50  Marine x2  
  92  23:57  Hellbat  
  92  23:58  Marine  
  95  24:04  Viking  
  95  24:05  Viking  
  95  24:07  Marine, Hellbat  
  95  24:08  Marine, Hellbat  
  105  24:16  Marine  
  102  24:19  Hellbat  
  99  24:25  Marine x2  
  95  24:33  Marine  
  90  24:40  Hellbat  
Show
View Real Time Build Order
Export as new Build Order

Melkior Terran 

Build Orders: MMM Bio 

Get SALT Encoding   

  12  0:05  SCV  
  13  0:19  SCV  
  14  0:28  Supply Depot  
  14  0:32  Supply Depot  
  14  0:34  SCV  
  15  0:54  Barracks  
  15  1:04  Barracks  
  15  1:09  SCV  
  16  1:25  Barracks  
  16  1:26  SCV  
  17  1:38  SCV  
  18  1:50  Refinery  
  18  1:51  Refinery  
  18  1:53  Marine  
  19  1:54  Marine  
  19  2:01  Supply Depot x2  
  20  2:08  SCV  
  21  2:17  Marine  
  21  2:21  SCV  
  23  2:26  Marine  
  24  2:38  Engineering Bay  
  24  2:43  Engineering Bay  
  24  2:46  Barracks Tech Lab  
  24  2:56  Orbital Command  
  24  3:14  Marine x2  
  24  3:17  Terran Infantry Weapons Level 1  
  26  3:21  Terran Infantry Armor Level 1  
  26  3:31  Missile Turret  
  26  3:36  Combat Shields  
  26  4:02  Barracks Reactor  
  26  4:16  Command Center  
  26  4:19  Factory  
  26  4:21  Marine x2  
  28  4:39  Marine  
  29  4:48  Marine x3  
  32  4:56  Marine  
  32  4:57  Barracks  
  33  5:03  Barracks  
  33  5:06  Factory Reactor  
  33  5:16  Armory  
  33  5:31  Barracks Reactor  
  33  5:35  Marine x3  
  36  5:44  Widow Mine x2  
  36  5:49  Barracks Reactor  
  40  5:53  Marine  
  41  5:57  Stimpack  
  41  6:00  Barracks Reactor  
  41  6:04  Marine  
  42  6:13  Widow Mine  
  44  6:24  Widow Mine  
  46  6:29  SCV  
  47  6:33  SCV  
  48  6:41  Widow Mine, SCV  
  48  6:46  SCV  
  52  6:53  SCV  
  53  6:58  SCV  
  54  7:05  SCV  
  55  7:18  Marine x2  
  55  7:19  Marine x5  
  62  7:32  Terran Infantry Weapons Level 2  
  62  7:33  Terran Infantry Armor Level 2  
  62  7:34  Marine  
  62  7:35  Marine  
  62  7:36  Marine x2  
  62  7:37  Marine  
  62  7:38  Marine  
  62  7:46  Supply Depot  
  62  7:47  Supply Depot  
  62  7:49  Supply Depot x2  
  62  7:55  Supply Depot  
  62  8:07  Marine  
  63  8:14  Marine x2  
  63  8:15  Marine x6  
  71  8:25  Marine  
  72  8:32  Marine x2  
  74  8:42  Marine x3  
  74  8:43  Marine x4  
  81  8:53  SCV  
  82  9:03  Supply Depot  
  82  9:05  SCV  
  82  9:06  Supply Depot  
  82  9:07  Supply Depot  
  83  9:17  SCV  
  75  9:29  SCV  
  64  9:41  SCV  
  47  9:48  Marine  
  47  9:49  Marine x7  
  47  9:50  Marine  
  56  9:54  Terran Infantry Weapons Level 3  
  56  9:56  Terran Infantry Armor Level 3  
  56  10:06  Marine x2  
  58  10:07  Marine x3  
  58  10:10  Factory Tech Lab  
  61  10:21  Marine x3  
  62  10:22  Marine  
  62  10:24  Marine x2  
  62  10:25  Marine x3  
  70  10:30  Siege Tank  
  71  10:53  Marine  
  71  10:54  Marine x6  
  71  10:55  Marine x2  
  80  11:03  Siege Tank  
  83  11:11  Marine x2  
  83  11:12  Marine x7  
  92  11:27  Missile Turret  
  92  11:29  Marine x3  
  92  11:30  Marine x6  
  101  11:47  Marine x4  
  101  11:48  Marine  
  106  12:04  Marine x4  
  106  12:05  Marine x5  
  65  13:08  Marine x8  
  65  13:09  Marine  
  65  13:12  Siege Tank  
  77  13:26  Marine x9  
  86  13:43  Marine  
  86  13:44  Siege Tank  
  63  13:57  Marine x4  
  63  13:58  Marine x4  
  63  14:01  Marine  
  72  14:15  Marine x4  
  72  14:16  Marine x4, Siege Tank  
  82  14:19  Marine  
  82  14:33  Marine x6  
  82  14:34  Marine x2  
  82  14:37  Marine  
  91  14:50  Marine  
  92  15:26  Command Center  
  92  15:43  Marine x2  
  92  15:44  Marine x7  
  101  16:01  Marine x3  
  101  16:02  Marine  
  74  16:26  Marine x3  
  74  16:27  Marine x6  
  83  16:44  Refinery, Marine x2  
  85  16:47  Refinery  
  66  17:23  Marine x4  
  66  17:24  Marine x5  
  75  17:42  Planetary Fortress  
  71  18:12  Marine  
  71  18:13  Marine  
  73  18:23  Marine x5  
  75  19:37  Marine x6  
  75  19:38  Marine x3  
  83  19:54  Marine  
  83  19:55  Marine x6  
  83  19:56  Marine x2  
  92  20:12  Marine x3  
  92  20:13  Marine x5  
  92  20:14  Marine  
  90  20:30  Marine x3  
  90  20:31  Marine x5  
  65  20:45  Marine  
  65  20:48  Marine x4  
  65  20:49  Marine x4  
  40  22:47  Marine x6  
  40  22:48  Marine x3  
  49  23:04  Marine  
  49  23:05  Marine x5  
  53  23:06  Marine  
  56  23:36  Marine x3  
  56  23:37  Marine x6  
  65  23:54  Marine x5  
  65  23:55  Marine x4  
  74  24:12  Marine x6  
  74  24:13  Marine x3  
  80  24:29  Marine  
  80  24:30  Marine x6  
  80  24:31  Marine x2  
  89  24:49  Marine  
  89  24:50  Marine x2  
  92  24:56  Marine x2  
  94  25:00  Marine x2  
  94  25:02  Marine  
  94  25:03  Marine  
  94  25:06  Marine  
  99  25:08  Marine x2, Thor  
  99  25:14  Marine x2  
  106  25:17  Marine  
  106  25:18  Marine  
  106  25:20  Marine x2  
  98  25:24  Marine  
  98  25:26  Marine x2  
  94  25:31  Marine  
  94  25:32  Marine  
  89  25:35  Marine x2  
  89  25:38  Marine x2  
  89  25:42  Marine  
  80  25:43  Terran Vehicle Weapons Level 1  
  80  25:44  Marine x2  
  80  25:49  Marine x2  
  78  25:51  Thor  
  78  25:53  Marine x2  
  78  25:56  Marine x2  
  89  26:00  Marine  
  89  26:01  Marine  
  89  26:02  Marine  
  92  26:07  Marine x2  
  92  26:11  Marine x2  
  94  26:14  Marine x2  
  94  26:18  Marine  
  99  26:19  Marine x2  
  99  26:25  Marine x2  
  99  26:29  Marine x2  
  99  26:32  Marine x2  
  87  26:33  Thor  
  87  26:35  Marine  
  87  26:37  Marine x2  
  80  26:43  Marine x2  
  68  26:53  Marine  
  60  27:10  Marine  
  60  27:11  Marine x6  
  60  27:12  Marine x2  
  69  27:16  Thor  
  75  27:28  Marine x2  
  75  27:29  Marine x7  
  84  27:38  Terran Vehicle And Ship Armor Level 1  
  81  27:46  Marine x3  
  81  27:47  Marine x6  
  90  28:04  Marine x5  
  90  28:05  Marine x4  
  99  28:22  Marine x6  
  99  28:23  Marine  
  77  29:07  Marine x3  
  77  29:08  Marine x3  
Show
View Real Time Build Order
Export as new Build Order

dragonrojo Terran 

Build Orders:  

Get SALT Encoding   

  12  0:21  Supply Depot  
  12  0:34  Refinery  
  12  0:49  Barracks  
  12  0:58  SCV  
  13  1:10  SCV  
  14  1:22  SCV  
  15  1:36  SCV  
  15  1:37  Barracks  
  16  1:42  Barracks Tech Lab  
  16  1:48  SCV  
  17  2:02  Marine  
  17  2:06  SCV  
  19  2:19  Marine, SCV  
  21  2:25  Supply Depot, Barracks Tech Lab  
  21  2:31  SCV  
  22  2:37  Marine  
  23  2:46  Marine  
  23  2:48  Supply Depot  
  24  2:55  Marine  
  23  3:04  Marine  
  21  3:13  Marine  
  21  3:21  Marine  
  21  3:30  SCV  
  22  3:38  Barracks Tech Lab  
  22  3:43  SCV  
  23  3:57  Supply Depot  
  23  4:07  Marine  
  23  4:08  Marine  
  23  4:20  Supply Depot  
  23  4:25  Marine  
  23  4:26  Marine  
  25  4:40  Refinery  
  25  4:42  Marine  
  25  4:43  Supply Depot  
  25  4:44  Marine  
  27  5:06  Marauder  
  29  5:07  Supply Depot  
  29  5:08  Marauder  
  29  5:11  Combat Shields  
  31  5:17  SCV  
  32  5:27  Marauder  
  34  5:29  SCV  
  34  5:30  Marauder  
  36  5:36  Engineering Bay  
  31  5:48  Marauder  
  33  5:51  Marauder  
  33  5:55  SCV  
  36  6:05  Factory  
  36  6:10  Missile Turret  
  36  6:28  Marine  
  36  6:29  Marine  
  36  6:30  Command Center, Missile Turret  
  36  6:32  Concussive Shells  
  38  6:45  Marine  
  39  6:47  Marine  
  39  6:54  Supply Depot  
  40  6:58  Factory Tech Lab  
  40  7:03  Marine  
  40  7:05  Marine  
  42  7:17  Supply Depot, Widow Mine  
  44  7:27  Marine  
  44  7:29  Marine  
  46  7:40  Supply Depot  
  46  7:44  SCV  
  46  7:45  Marine  
  46  7:46  Widow Mine, Marine  
  51  7:56  SCV  
  52  8:03  Marine  
  52  8:04  Marine  
  52  8:05  Starport  
  54  8:08  SCV  
  55  8:14  Widow Mine  
  57  8:42  Armory  
  57  8:43  Widow Mine  
  59  9:00  Marine  
  59  9:02  Marine  
  61  9:13  Command Center  
  61  9:18  Marine  
  61  9:20  Marine  
  63  9:24  Starport Tech Lab  
  63  9:36  Marine  
  63  9:38  Marine  
  65  9:44  Medivac  
  65  9:45  Supply Depot  
  67  9:57  Thor  
  73  10:06  SCV  
  74  10:13  Supply Depot  
  74  10:14  Raven  
  74  10:18  SCV  
  77  10:28  Stimpack  
  77  10:30  SCV  
  78  10:36  Supply Depot  
  78  10:40  Thor  
  84  10:44  SCV  
  85  11:07  Barracks  
  85  11:22  Refinery  
  85  11:23  Thor  
  85  11:24  SCV  
  92  11:36  SCV  
  93  11:47  Viking  
  93  11:48  SCV  
  96  11:58  Barracks Tech Lab  
  96  12:00  SCV  
  97  12:07  Fusion Core  
  97  12:09  Thor  
  103  12:17  Viking  
  103  12:22  SCV  
  106  12:32  Planetary Fortress  
  106  12:34  SCV  
  107  12:52  Thor  
  113  13:04  Missile Turret  
  113  13:05  SCV  
  114  13:32  Missile Turret  
  114  13:35  Thor  
  88  14:33  Thor  
  94  14:48  Supply Depot  
  94  14:59  Refinery  
  94  15:08  Refinery  
  94  15:16  Thor  
  100  15:23  Supply Depot  
  100  15:36  SCV  
  101  15:46  Terran Infantry Weapons Level 1  
  101  15:47  Supply Depot  
  101  15:48  SCV  
  102  15:59  Thor  
  108  16:09  Marine  
  109  16:12  Marine  
  109  16:14  Barracks  
  109  16:15  Marine  
  111  16:27  Marine  
  111  16:30  Marine  
  113  16:33  Marine  
  114  16:45  Marine  
  115  16:48  Marine  
  115  16:50  Marine  
  111  17:03  Marine  
  111  17:05  Marine  
  111  17:06  Barracks Tech Lab  
  113  17:08  Marine  
  113  17:09  Ghost Academy  
  114  17:19  Raven  
  114  17:20  Marine  
  117  17:23  Marine  
  117  17:26  Marine  
  119  17:43  Missile Turret  
  119  17:57  Marine  
  120  17:59  Marine  
  120  18:02  Missile Turret  
  120  18:03  Marine  
  122  18:06  Marine  
  123  18:13  Refinery  
  123  18:14  Marine  
  123  18:17  Marine  
  125  18:20  Marine  
  125  18:24  Marine  
  127  18:32  Marine  
  126  18:34  Raven  
  126  18:35  Marine  
  126  18:38  Marine  
  130  18:42  Marine  
  130  18:47  Terran Infantry Armor Level 1  
  131  18:50  Marine  
  131  18:53  Marine  
  133  18:56  Marine  
  133  18:58  Supply Depot  
  133  19:00  Marine  
  135  19:08  Marine  
  136  19:11  Marine  
  136  19:14  Marine  
  138  19:17  Marine  
  93  19:51  Raven  
  94  19:54  Marine  
  94  19:57  Marine  
  96  20:00  Marine  
  96  20:03  Marine  
  97  20:12  Marine  
  98  20:15  Supply Depot, Marine  
  98  20:18  Marine  
  100  20:21  Marine  
  94  20:29  Marine  
  94  20:33  Marine  
  96  20:36  Marine  
  96  20:39  Marine  
  98  20:47  Marine  
  97  20:50  Marine  
  97  20:54  Marine  
  97  20:57  Marine  
  89  21:05  Marine  
  89  21:08  Marine  
  91  21:12  Marine  
  91  21:14  Marine  
  93  21:30  Barracks  
  93  21:45  Battlecruiser  
  26  22:50  Battlecruiser  
Show
View Real Time Build Order
Export as new Build Order

dube Protoss 

Build Orders:  

Get SALT Encoding   

  12  0:02  Probe (Chrono Boost)  
  13  0:12  Probe (Chrono Boost)  
  14  0:21  Pylon  
  14  0:24  Probe (Chrono Boost)  
  15  0:40  Probe (Chrono Boost)  
  16  0:43  Gateway  
  16  0:50  Probe (Chrono Boost)  
  17  0:58  Forge  
  17  1:08  Probe (Chrono Boost)  
  18  1:13  Pylon  
  18  1:15  Assimilator  
  18  1:18  Probe (Chrono Boost)  
  18  1:22  Assimilator  
  19  1:29  Probe (Chrono Boost)  
  20  1:40  Cybernetics Core  
  20  1:46  Probe (Chrono Boost)  
  21  1:57  Probe (Chrono Boost)  
  22  2:01  Photon Cannon  
  22  2:07  Photon Cannon  
  22  2:13  Photon Cannon  
  22  2:25  Probe (Chrono Boost)  
  23  2:36  Protoss Air Weapons Level 1 (Chrono Boost)  
  23  2:48  Nexus  
  23  2:57  Pylon  
  23  3:08  Stalker (Chrono Boost)  
  25  3:24  Stargate  
  25  3:30  Photon Cannon  
  25  3:43  Stalker (Chrono Boost)  
  27  4:19  Void Ray  
  27  4:23  Probe  
  29  4:28  Probe  
  31  4:34  Probe  
  32  4:40  Pylon  
  32  4:41  Probe  
  32  4:42  Assimilator  
  32  4:44  Probe  
  33  4:47  Assimilator  
  34  4:53  Probe  
  34  4:55  Probe  
  36  5:02  Protoss Air Armor Level 1 (Chrono Boost)  
  36  5:05  Probe x2  
  37  5:10  Void Ray  
  42  5:18  Probe  
  43  5:22  Probe  
  44  5:29  Probe  
  44  5:34  Probe  
  46  5:52  Stargate  
  46  5:53  Stargate  
  46  6:00  Stargate  
  46  6:06  Probe  
  47  6:17  Probe  
  48  6:28  Probe  
  49  6:38  Probe  
  50  6:49  Probe  
  47  7:05  Void Ray x2  
  47  7:06  Void Ray  
  59  7:19  Pylon  
  59  7:23  Pylon  
  59  7:26  Pylon  
  59  7:32  Pylon  
  59  7:36  Void Ray  
  59  7:37  Pylon  
  59  7:40  Pylon  
  63  7:50  Fleet Beacon  
  63  7:53  Void Ray  
  63  7:54  Void Ray  
  63  7:55  Void Ray  
  75  8:35  Void Ray  
  75  8:36  Void Ray  
  75  8:38  Void Ray  
  55  9:53  Void Ray x2  
  55  9:54  Void Ray x2  
  71  10:36  Void Ray x2  
  71  10:37  Void Ray x2  
  71  10:42  Protoss Air Weapons Level 2 (Chrono Boost)  
  87  11:19  Tempest x2  
  95  12:25  Tempest  
  95  12:26  Tempest  
  95  12:27  Tempest  
  67  14:03  Tempest  
  67  14:04  Tempest x2  
  67  14:05  Tempest  
  83  14:46  Tempest  
  83  14:47  Tempest x2  
  73  17:14  Tempest x2  
  73  17:15  Tempest x2  
  41  22:24  Tempest  
  41  22:25  Tempest  
Show
View Real Time Build Order
Export as new Build Order

railnation Protoss - Winner!

Build Orders: Zealot Archon 

Get SALT Encoding   

  12  0:02  Probe (Chrono Boost)  
  13  0:24  Pylon  
  13  0:31  Probe (Chrono Boost)  
  13  0:32  Assimilator  
  14  0:42  Probe (Chrono Boost)  
  15  0:48  Gateway  
  15  0:54  Probe (Chrono Boost)  
  16  1:04  Pylon, Probe (Chrono Boost)  
  17  1:11  Pylon  
  17  1:27  Gateway  
  17  1:31  Assimilator  
  17  1:36  Zealot (Chrono Boost)  
  19  1:49  Probe  
  20  2:01  Zealot (Chrono Boost)  
  22  2:02  Pylon  
  22  2:06  Cybernetics Core  
  22  2:15  Forge  
  22  2:24  Zealot (Chrono Boost)  
  26  2:31  Zealot (Chrono Boost)  
  26  2:42  Mothership Core (Chrono Boost)  
  28  2:50  Warp Gate (Chrono Boost)  
  28  2:55  Stalker  
  30  3:14  Probe  
  31  3:26  Probe  
  32  3:28  Twilight Council  
  32  3:38  Probe  
  33  3:43  Zealot  
  33  3:45  Stalker  
  37  4:01  Gateway  
  38  4:02  Probe  
  38  4:06  Gateway  
  38  4:13  Charge (Chrono Boost)  
  38  4:27  Photon Cannon  
  38  4:49  Templar Archives  
  38  4:51  Pylon  
  38  5:23  Nexus  
  38  5:28  Pylon  
  38  5:38  Pylon  
  38  5:40  High Templar x3  
  44  5:50  Gateway  
  44  5:51  Zealot  
  44  5:55  Archon  
  46  6:13  High Templar, Photon Cannon  
  46  6:15  Assimilator  
  46  6:17  Archon  
  48  6:21  Protoss Ground Weapons Level 1  
  48  6:39  Assimilator  
  48  6:42  Zealot x2  
  52  7:12  Photon Cannon  
  52  7:16  Probe, Photon Cannon  
  53  7:28  Probe  
  54  7:46  Stalker x3  
  54  7:49  Probe  
  61  8:01  Probe  
  61  8:02  Probe  
  63  8:13  Probe x2, Zealot  
  67  8:23  Probe  
  67  8:25  Probe  
  69  8:34  Probe  
  69  8:37  Probe  
  69  8:38  Stalker  
  73  8:46  Probe  
  74  8:49  Probe  
  75  8:56  Probe  
  75  9:01  Probe  
  77  9:07  Probe  
  77  9:13  Probe  
  52  9:25  Probe, Stalker x4  
  52  9:26  Stalker  
  57  9:38  Probe  
  52  9:44  Protoss Ground Armor Level 1 (Chrono Boost)  
  42  9:49  Stalker  
  42  9:50  Mothership Core, Stalker x2  
  50  10:05  High Templar  
  50  10:06  High Templar  
  54  10:07  Psionic Storm  
  54  10:18  Archon  
  54  10:21  Stalker x3  
  60  10:59  Zealot x3  
  60  11:00  Zealot x2  
  70  11:07  Nexus  
  70  11:18  Blink (Chrono Boost)  
  70  11:19  Protoss Ground Weapons Level 2 (Chrono Boost)  
  70  11:25  Pylon  
  70  11:29  Stalker x2  
  70  11:30  Stalker  
  76  11:44  Assimilator  
  76  11:47  Pylon  
  75  12:01  Stalker x4  
  83  12:18  High Templar  
  85  12:29  Probe  
  86  12:40  Probe  
  87  12:50  Probe  
  87  12:56  High Templar x5  
  98  13:38  Zealot x5  
  106  13:46  Gateway  
  98  13:50  Photon Cannon  
  46  14:27  Protoss Ground Weapons Level 3  
  46  14:28  Stalker x5  
  55  14:48  Gateway  
  55  14:49  Gateway  
  55  14:52  Gateway  
  55  14:53  Gateway  
  55  14:58  Stalker  
  55  14:59  Stalker x4  
  65  15:16  Adept  
  67  15:42  Stalker x3  
  71  15:45  Stalker x2  
  77  16:05  Stalker x2  
  81  17:38  Pylon  
  81  17:41  Pylon  
  81  17:43  Pylon  
  81  17:47  Pylon  
  79  18:32  Nexus  
  77  18:38  Protoss Shields Level 1  
  77  18:51  Pylon  
  77  18:55  Pylon  
  77  19:02  Stalker x4  
  81  19:03  Stalker  
  79  19:36  Stalker x3  
  79  19:37  Gateway, Stalker x4  
  93  19:43  Gateway  
  63  20:30  Stalker x5  
  63  20:31  Stalker x2  
  74  22:16  Nexus  
  42  23:53  Stalker x4  
  50  23:55  Assimilator  
  50  23:56  Assimilator  
  41  24:27  Pylon  
  23  24:42  High Templar x3  
  23  24:43  High Templar x4  
  37  24:53  Archon x2  
  37  25:06  Nexus  
  37  25:13  Zealot  
  39  25:16  Zealot x4  
  39  25:17  Zealot x2  
  49  25:57  Stalker  
  49  25:58  Stalker x5  
  61  26:18  Assimilator  
  25  26:44  Stalker x3  
  29  27:07  Zealot x2  
  27  27:43  Stalker x3  
  27  27:44  Probe, Stalker  
  28  28:26  Stalker x4  
  22  28:59  Zealot  
  22  29:00  Zealot x3  
  30  29:22  Pylon  
  30  29:39  Assimilator  
  30  29:43  Zealot  
  32  29:49  Zealot  
  34  30:19  Zealot x2  
  34  30:20  Zealot x2  
  42  30:37  Assimilator  
  42  30:56  Zealot x3  
  48  30:57  Zealot  
  50  31:29  Zealot x4  
Show
View Real Time Build Order
Export as new Build Order

ACSlater Terran - Winner!

Build Orders: Command Center First (CC) 

Get SALT Encoding   

  12  0:01  SCV  
  13  0:13  SCV  
  14  0:25  SCV  
  15  0:43  Supply Depot  
  15  1:03  Command Center  
  15  1:05  SCV  
  16  1:14  Barracks  
  16  1:19  Refinery  
  16  1:23  SCV  
  17  1:31  Refinery  
  17  1:35  SCV  
  18  1:49  SCV  
  19  2:01  SCV  
  19  2:02  Supply Depot  
  19  2:04  Engineering Bay  
  19  2:06  Barracks Tech Lab  
  20  2:13  SCV  
  21  2:21  SCV  
  22  2:25  SCV  
  23  2:31  Barracks  
  23  2:35  Combat Shields  
  23  2:44  Missile Turret  
  23  2:48  SCV  
  24  2:56  SCV  
  25  3:00  Refinery  
  25  3:04  Marine  
  26  3:08  SCV  
  27  3:20  SCV  
  27  3:22  Supply Depot  
  27  3:27  Terran Infantry Weapons Level 1  
  28  3:32  SCV  
  29  3:37  Supply Depot, Barracks Reactor  
  29  3:40  Marine  
  30  3:44  SCV  
  31  3:52  Orbital Command  
  31  3:56  SCV  
  31  4:00  Marine  
  33  4:04  Supply Depot  
  33  4:08  SCV  
  34  4:10  Supply Depot  
  34  4:15  Marine x2  
  36  4:18  Marine  
  36  4:20  SCV  
  36  4:23  Refinery  
  38  4:32  SCV  
  39  4:46  Supply Depot  
  39  4:47  Marauder, Concussive Shells  
  39  4:49  Marine x2  
  43  5:01  Supply Depot  
  43  5:07  Marine x2  
  43  5:09  Supply Depot  
  45  5:21  Terran Infantry Armor Level 1  
  45  5:25  Marine x2  
  47  5:28  Command Center  
  47  5:44  Factory, Marine x2  
  47  5:47  Marauder  
  51  6:02  Marine x2, SCV  
  54  6:08  Marauder  
  56  6:14  SCV  
  56  6:16  Sensor Tower  
  57  6:19  Marine x2  
  59  6:26  SCV  
  59  6:30  Marauder  
  59  6:31  Armory, Factory Tech Lab  
  62  6:37  Marine x2  
  62  6:38  SCV  
  65  6:51  Marauder  
  65  6:52  Missile Turret  
  67  6:55  Marine  
  68  7:04  Missile Turret  
  68  7:10  Orbital Command  
  68  7:15  Hi-Sec Auto Tracking, SCV  
  69  7:22  Terran Vehicle Weapons Level 1  
  69  7:24  Siege Tank  
  69  7:27  SCV  
  69  7:29  Factory  
  73  7:35  Marine x2  
  73  7:36  Missile Turret  
  75  7:38  Marauder  
  75  7:39  SCV  
  78  7:51  SCV  
  78  7:52  Marine  
  78  7:53  Marine  
  78  7:57  Siege Tank  
  84  7:59  Marauder  
  84  8:04  SCV  
  87  8:10  Marine x2  
  87  8:12  Terran Infantry Weapons Level 2  
  89  8:15  Factory Reactor  
  89  8:16  SCV  
  90  8:20  Marauder  
  90  8:23  Starport  
  92  8:28  Marine x2  
  92  8:33  Missile Turret  
  94  8:41  Missile Turret  
  94  8:45  Refinery  
  94  8:46  Marine x2  
  96  8:48  Refinery  
  96  8:52  Missile Turret  
  96  8:56  Missile Turret  
  96  9:01  Widow Mine x2  
  100  9:12  Supply Depot  
  99  9:30  Widow Mine x2  
  100  9:57  Command Center  
  100  9:58  Widow Mine  
  102  10:00  Marine x2  
  102  10:17  Marine  
  102  10:18  Marine  
  93  10:22  Starport Tech Lab  
  93  10:28  Starport, Widow Mine x2  
  93  10:30  Siege Tank  
  93  10:35  Marine x2  
  100  10:37  Marauder  
  104  10:50  Raven  
  104  10:53  Marine x2  
  108  10:59  Marauder, Widow Mine x2  
  108  11:02  Terran Vehicle And Ship Armor Level 1  
  108  11:03  Terran Infantry Armor Level 2  
  114  11:09  Thor  
  114  11:10  Supply Depot  
  114  11:11  Marine x2  
  120  11:17  Planetary Fortress  
  122  11:24  Starport Reactor  
  122  11:29  Supply Depot  
  120  12:09  Medivac x2  
  112  13:29  Supply Depot, Thor  
  112  13:31  Terran Vehicle Weapons Level 2  
  112  13:32  Widow Mine x2  
  122  13:36  Drilling Claws  
  103  13:56  Medivac x2  
  103  14:01  Widow Mine  
  109  14:11  Raven  
  100  14:56  Thor  
  100  14:57  Supply Depot  
  100  14:58  Widow Mine x2  
  110  15:18  Barracks Reactor  
  110  15:22  Barracks  
  110  15:25  Supply Depot  
  110  15:31  Barracks  
  79  17:20  Marine x2, Barracks Reactor  
  79  17:24  Thor  
  79  17:26  Widow Mine x2  
  79  17:29  Terran Infantry Weapons Level 3  
  89  17:30  Raven  
  91  17:38  Marine x2  
  93  17:54  Widow Mine x2  
  93  17:56  Marine x2  
  99  18:07  Thor  
  99  18:12  Marine x2  
  105  18:13  Marine  
  105  18:14  Marine  
  109  18:30  Marine x2  
  109  18:31  Marine x2  
  113  18:48  Marine x2  
  113  18:49  Marine x2, Thor  
  123  19:06  Marine x2  
  123  19:07  Marine x2  
  127  19:24  Marine x2  
  125  19:25  Marine x2  
  116  19:32  Thor  
  122  19:41  Marine  
  122  19:42  Marine x2  
  122  19:43  Marine  
  119  20:15  Thor  
  75  20:49  Marine x4  
  78  20:55  Widow Mine  
  78  20:56  Widow Mine  
  82  20:58  Thor  
  88  21:07  Marine x4  
  92  21:24  Widow Mine  
  92  21:25  Marine x4  
  98  21:41  Thor  
  98  21:42  Marine x2  
  98  21:43  Marine  
  107  21:51  Marine  
  108  22:00  Marine x2  
  110  22:11  Marine  
  110  22:12  Marine  
  112  22:18  Marine x2  
  114  22:23  Thor  
  119  22:36  Marine x2  
  116  23:06  Thor  
  120  24:02  Marine x2  
  117  24:19  Marine  
  117  24:20  Marine  
  22  29:38  Barracks  
  22  30:27  Barracks  
  22  30:31  Marine x2  
  24  30:48  Marine  
  24  30:49  Command Center, Marine  
  26  31:01  Supply Depot  
  26  31:06  Marine x2  
  28  31:16  Marine x2  
  30  31:24  Marine x2  
  32  31:42  Marine x2  
  32  31:43  Supply Depot  
  34  32:00  Marine x2  
  36  32:09  Marine x2  
Show
View Real Time Build Order
Export as new Build Order

Aldenraul Zerg - Winner!

Build Orders: Pool First 

Get SALT Encoding   

  12  0:03  Drone  
  13  0:11  Drone  
  14  0:29  Spawning Pool  
  14  0:32  Drone  
  14  0:39  Overlord  
  14  1:06  Drone  
  15  1:11  Extractor  
  14  1:19  Zergling x4  
  14  1:20  Zergling x2  
  17  1:37  Hatchery  
  16  1:53  Zergling x6  
  19  2:25  Drone x2  
  20  3:11  Zergling x6  
  18  4:08  Metabolic Boost  
  17  4:15  Evolution Chamber  
  17  4:16  Lair  
  14  4:24  Zergling x4  
  14  4:25  Zergling x8  
  20  4:42  Extractor  
  19  4:49  Evolution Chamber  
  18  4:57  Overlord x2  
  18  5:04  Zerg Melee Weapons Level 1  
  18  5:14  Drone x2  
  18  5:15  Drone  
  21  5:21  Hydralisk Den  
  14  5:48  Drone x2  
  14  5:49  Drone  
  17  5:54  Muscular Augments  
  17  5:57  Drone x3  
  20  6:19  Hatchery  
  19  6:33  Zerg Ground Armor Level 1  
  19  7:10  Zergling x10  
  19  7:11  Zergling x2  
  23  7:46  Drone  
  23  7:47  Drone x7  
  31  8:04  Extractor  
  30  8:10  Extractor  
  29  8:21  Zerg Melee Weapons Level 2  
  29  8:39  Drone x2  
  29  8:40  Drone x7  
  38  9:08  Hydralisk x6  
  50  9:15  Overlord x2  
  50  9:16  Overlord  
  44  10:08  Hydralisk x2  
  44  10:09  Hydralisk x6  
  44  10:10  Hydralisk  
  62  10:33  Overseer x3  
  61  11:10  Hatchery  
  60  11:18  Overseer  
  60  11:19  Overseer  
  60  11:25  Overlord x3  
  60  11:41  Zerg Missile Weapons Level 1  
  60  11:42  Zerg Ground Armor Level 2  
  60  11:51  Infestation Pit  
  59  12:48  Drone x7  
  59  12:49  Drone x2  
  52  14:09  Hydralisk x3  
  40  14:10  Hydralisk x6  
  58  14:23  Hive  
  58  14:31  Extractor  
  39  15:18  Hydralisk x5  
  39  15:19  Hydralisk x7  
  63  15:47  Hydralisk x6  
  63  15:48  Hydralisk x2  
  32  17:32  Hydralisk  
  32  17:33  Hydralisk x6  
  32  17:34  Hydralisk x2  
  50  18:18  Spire  
  49  18:20  Zerg Missile Weapons Level 2  
  49  18:43  Overseer  
  49  18:46  Hatchery  
  48  19:15  Overlord x3  
  48  19:19  Overseer  
  48  19:53  Mutalisk x4  
  48  19:54  Mutalisk x5  
  66  20:02  Drone  
  67  20:35  Corruptor x3  
  67  20:36  Corruptor x6  
  85  20:45  Drone x3  
  88  20:51  Extractor  
  81  22:13  Greater Spire  
  51  23:13  Mutalisk x6  
  51  23:14  Mutalisk x6  
  75  23:59  Drone x7  
  75  24:00  Drone x5  
  37  24:46  Hydralisk x7  
  37  24:47  Hydralisk x5  
  61  25:10  Zergling x6  
  61  25:11  Zergling x10  
  69  25:26  Zergling x4  
  69  25:27  Zergling x4  
  73  25:34  Zergling x8  
  77  25:49  Zergling x6  
  81  25:50  Zergling x2  
  45  27:04  Zergling x6  
  45  27:05  Zergling x14  
  45  27:06  Zergling x4  
  55  27:29  Zergling x8  
  60  27:30  Zergling x8  
  63  27:49  Extractor  
  62  27:56  Zergling x2  
  62  27:57  Zergling x12  
  62  27:58  Zergling x2  
  70  28:26  Overlord x3  
  70  28:35  Zergling x8  
  70  28:36  Zergling x10  
  31  29:32  Zergling x14  
  31  29:33  Zergling x10  
  43  30:19  Hatchery  
  33  30:53  Zergling x12  
  33  30:54  Zergling x12  
  45  31:56  Zergling x6  
  45  31:57  Zergling x14  
  45  31:58  Zergling x4  
  52  32:09  Drone x3  
Show
View Real Time Build Order
Export as new Build Order

juhyg Zerg - Winner!

Build Orders: Hatch First, Lurkers 

Get SALT Encoding   

  12  0:34  Drone  
  12  0:35  Drone  
  14  0:38  Hatchery  
  14  0:40  Drone  
  14  1:02  Spawning Pool  
  13  1:06  Overlord  
  13  1:17  Drone  
  14  1:24  Drone x2  
  16  1:40  Drone x2  
  18  1:50  Queen  
  20  1:56  Drone x2  
  20  1:59  Queen  
  24  2:04  Extractor  
  24  2:06  Drone  
  24  2:21  Drone x3  
  27  2:23  Drone  
  27  2:24  Overlord  
  28  2:35  Overlord  
  28  2:36  Overlord  
  28  2:48  Drone x2  
  30  3:06  Drone x3  
  30  3:07  Drone x3  
  30  3:10  Metabolic Boost  
  36  3:14  Drone x3  
  36  3:15  Drone  
  40  3:22  Extractor  
  39  3:34  Drone x3  
  39  3:35  Drone x3  
  39  3:37  Extractor  
  44  3:41  Extractor  
  43  3:59  Drone x2  
  43  4:00  Drone x4  
  49  4:05  Roach Warren  
  49  4:06  Lair  
  48  4:14  Hatchery  
  47  4:40  Evolution Chamber  
  47  4:45  Roach x3  
  52  4:46  Overlord x4  
  52  4:47  Overlord  
  52  5:06  Roach x3  
  52  5:07  Roach x4  
  64  5:08  Zerg Melee Weapons Level 1  
  64  5:11  Glial Reconstitution  
  66  5:16  Zergling x2  
  66  5:18  Zergling x2  
  68  5:23  Zergling x2  
  69  5:34  Roach x4  
  69  5:35  Roach x3  
  83  5:43  Hydralisk Den  
  83  5:48  Infestation Pit  
  81  5:54  Spire  
  81  5:55  Drone x2  
  81  5:56  Drone  
  83  6:04  Zergling x6  
  85  6:05  Overseer x2  
  86  6:14  Hydralisk x2  
  90  6:24  Muscular Augments  
  90  6:36  Hive  
  90  6:48  Roach x4  
  98  7:02  Zerg Missile Weapons Level 1  
  98  7:08  Overlord x3  
  98  7:09  Overlord x5  
  98  7:10  Overlord  
  98  7:28  Hydralisk  
  98  7:29  Hydralisk x5  
  110  7:38  Zerg Flyer Weapons Level 1  
  110  7:45  Hydralisk x2  
  114  8:11  Hydralisk x5  
  124  8:13  Zergling x10  
  129  8:36  Lurker Den  
  129  8:38  Hydralisk x3  
  129  8:40  Zergling x8  
  129  8:41  Zergling x4  
  141  8:45  Zergling x4  
  141  8:46  Zergling x2  
  141  8:47  Zergling x2  
  145  8:57  Zerg Ground Armor Level 1  
  137  9:37  Hydralisk x2  
  137  9:38  Hydralisk x7  
  131  9:39  Hydralisk x2  
  141  9:55  Hydralisk  
  141  9:56  Hydralisk x3  
  149  10:08  Adrenal Glands  
  149  10:32  Hydralisk x3  
  149  10:33  Hydralisk x3  
  149  10:35  Zergling x8  
  164  10:36  Zergling x10  
  170  10:50  Zerg Melee Weapons Level 2  
  170  10:52  Overlord x3  
  170  10:53  Overlord x2  
  170  11:12  Hydralisk x3  
  170  11:13  Hydralisk x2  
  180  12:12  Hydralisk x2  
  180  12:13  Hydralisk x5  
  180  12:14  Zergling x4  
  196  12:24  Lurker x4  
  132  13:05  Lair  
  112  13:33  Drone x2  
  112  13:34  Drone  
  112  14:13  Roach x3  
  118  14:53  Hydralisk Den  
  118  14:56  Roach x4  
  118  14:57  Roach  
  127  15:21  Zergling x4  
  129  15:29  Hatchery  
  128  16:22  Hydralisk x4  
  136  16:28  Hydralisk  
  138  16:50  Hydralisk x2  
  138  16:51  Hydralisk  
  144  17:11  Hydralisk x5  
  154  17:39  Roach x5  
  164  17:55  Roach  
  166  18:10  Roach  
  168  18:51  Overseer x3  
  168  18:57  Roach x2  
  162  19:34  Roach x2  
  162  19:35  Zergling x2  
  159  20:15  Overseer  
  159  20:18  Overseer  
  159  20:19  Overseer  
  139  21:09  Hydralisk x2  
  118  21:52  Roach x2  
  122  22:13  Zergling x2  
  111  23:01  Zergling x2  
  2  30:10  Drone  
  2  30:11  Drone x3  
  6  30:47  Drone x2  
  8  31:37  Zergling x6  
  11  32:08  Drone x2  
Tags
 
Add a new tag
Caveats
  • Supply blocks, unpowered buildings, or Contaminate may cause inaccurate times.
  • Supply counts are checked every 10 seconds.